cohdb
Replays
Latest Replays
All Replays
Popular Replays
Top Player Replays
Match Explorer
How It Works
Community
CoH3 Stats
Reddit
Sign in to upload your games and track your stats! →
Sign in with Steam
Match 20568405
Unlisted
Match 20568405
Overview
Messages
Build Orders
End
Royal Engineer Section
Construct Section Command Post
Dingo Light Scout Car
Selects Heavy Armor Battlegroup
Dingo Light Scout Car
Royal Engineer Section
Selects Light Vehicle Withdraw and Refit
Construct Platoon Command Post
6-pounder Anti-tank Gun Team
Humber Armored Car
Selects Engineer Detachments
6-pounder Anti-tank Gun Team
Royal Engineer Section
6-pounder Anti-tank Gun Team
Selects Radio Net
Royal Engineer Section
6-pounder Anti-tank Gun Team
Royal Engineer Section
DirtyDan
印爱于花集于心
KRIEGSCHWARZ
The_Jonny_Boy94
0
0
Comments
sign in to comment!
No comments posted yet!